Map: Whirlwind LE

Players

Razmig

  • Race: Terran Terran
  • Spawn Location: 11:00

Fedayi

  • Race: Protoss Protoss
  • Spawn Location: 1:00

Topaldede

  • Race: Protoss Protoss
  • Spawn Location: 7:00

Marquis

  • Race: Protoss Protoss
  • Spawn Location: 5:00

VOD

Have the link to the VOD?

Description

Time

  • Played on: Oct. 10, 2020, 10:32 p.m.
  • Length: 9:52
Show
View Real Time Build Order
Export as new Build Order

Razmig Terran 

Build Orders: Reaper Expand 

Get SALT Encoding   

  12  0:00  SCV  
  13  0:17  Supply Depot  
  13  0:19  SCV  
  14  0:31  SCV  
  15  0:40  Barracks  
  15  0:44  Refinery  
  15  0:46  SCV  
  16  1:02  SCV  
  17  1:14  SCV  
  18  1:30  Orbital Command  
  18  1:45  Reaper  
  18  1:47  Command Center  
  19  1:58  SCV  
  20  2:01  Supply Depot  
  20  2:17  Marine  
  21  2:25  Factory  
  21  2:27  SCV  
  21  2:29  Refinery  
  22  2:40  SCV  
  23  2:48  Barracks Reactor  
  23  2:52  SCV  
  24  3:00  Orbital Command  
  24  3:04  SCV  
  25  3:06  Bunker  
  25  3:14  Factory Tech Lab  
  25  3:16  SCV  
  26  3:25  Starport  
  26  3:28  SCV  
  26  3:30  SCV  
  28  3:37  Marine x2  
  28  3:40  SCV  
  31  3:42  SCV  
  31  3:45  Supply Depot  
  32  3:52  SCV  
  32  3:54  SCV  
  32  3:55  Marine x2  
  35  4:00  Siege Tank  
  39  4:13  Marine x2  
  41  4:18  Supply Depot  
  41  4:31  Marine  
  42  4:47  Starport Tech Lab  
  42  5:01  SCV  
  42  5:03  SCV  
  44  5:09  Refinery  
  44  5:13  SCV  
  45  5:15  SCV  
  46  5:25  SCV  
  46  5:27  SCV  
  48  5:34  Siege Tank  
  48  5:35  Refinery  
  51  5:37  SCV, Banshee  
  51  5:39  SCV  
  56  5:44  Command Center  
  56  5:49  SCV  
  57  5:51  SCV  
  57  5:53  Barracks  
  58  6:28  Cloaking Field  
  58  6:37  Raven  
  60  6:51  Engineering Bay  
  60  6:55  Engineering Bay  
  60  7:02  Orbital Command  
  60  7:05  Refinery  
  60  7:32  Refinery  
  60  7:34  Raven  
  62  7:51  Terran Infantry Weapons Level 1  
  62  7:52  Terran Infantry Armor Level 1  
  62  8:01  Barracks  
  62  8:13  Barracks Tech Lab  
  62  8:26  Marine x2  
  64  8:31  Bunker  
  64  8:34  Supply Depot  
  64  8:36  SCV  
  65  8:44  Marine x2  
  65  8:48  SCV  
  68  9:00  SCV  
  68  9:01  Marine  
  68  9:02  Marine  
  71  9:12  SCV  
  71  9:16  SCV  
  73  9:24  SCV  
  73  9:28  SCV, Marine  
  73  9:29  Marine  
  74  9:36  SCV  
Show
View Real Time Build Order
Export as new Build Order

Fedayi Protoss 

Build Orders:  

Get SALT Encoding   

  12  0:01  Probe  
  13  0:15  Pylon  
  13  0:21  Probe  
  14  0:33  Probe  
  15  0:37  Gateway  
  15  0:45  Assimilator  
  15  0:46  Probe (Chrono Boost)  
  16  0:52  Assimilator  
  17  0:58  Probe (Chrono Boost)  
  17  1:04  Probe (Chrono Boost)  
  18  1:12  Probe  
  19  1:24  Probe  
  20  1:32  Cybernetics Core  
  20  1:36  Probe  
  20  1:38  Gateway  
  21  1:48  Probe  
  21  1:49  Forge  
  22  2:00  Probe  
  23  2:13  Nexus  
  23  2:22  Pylon  
  23  2:27  Warp Gate (Chrono Boost)  
  23  2:46  Assimilator  
  23  2:51  Probe  
  24  2:52  Assimilator  
  24  2:53  Pylon  
  24  2:55  Pylon  
  24  3:03  Probe  
  25  3:06  Stalker  
  25  3:08  Zealot  
  29  3:27  Probe  
  30  3:35  Stalker  
  30  3:39  Probe (Chrono Boost)  
  30  3:41  Zealot  
  35  3:43  Protoss Ground Weapons Level 1  
  35  3:51  Probe (Chrono Boost)  
  36  4:00  Probe (Chrono Boost)  
  37  4:02  Stargate  
  37  4:05  Probe  
  37  4:07  Photon Cannon  
  37  4:08  Photon Cannon  
  38  4:17  Probe  
  39  4:42  Probe  
  40  4:54  Probe  
  41  5:02  Stalker  
  41  5:03  Stalker  
  41  5:06  Probe  
  46  5:16  Stargate  
  46  5:18  Probe, Stargate  
  46  5:20  Pylon  
  47  5:22  Pylon  
  47  5:30  Probe  
  42  5:59  Void Ray  
  42  6:00  Stalker  
  42  6:01  Zealot  
  46  6:10  Oracle  
  53  6:11  Phoenix  
  53  6:16  Probe  
  56  6:25  Robotics Facility  
  56  6:27  Robotics Facility  
  56  6:28  Robotics Facility, Probe  
  56  6:30  Probe  
  58  6:39  Void Ray  
  58  6:40  Probe  
  63  6:52  Probe (Chrono Boost), Nexus  
  63  6:53  Zealot x2  
  68  7:04  Probe (Chrono Boost)  
  68  7:06  Protoss Shields Level 1  
  69  7:10  Probe (Chrono Boost)  
  70  7:19  Probe  
  70  7:20  Pylon  
  71  7:22  Pylon  
  71  7:31  Probe  
  72  7:54  Pylon  
  72  8:06  Void Ray, Probe (Chrono Boost)  
  72  8:12  Phoenix  
  79  8:13  Phoenix  
  79  8:16  Probe (Chrono Boost)  
  82  8:21  Probe (Chrono Boost)  
  82  8:27  Robotics Bay  
  83  8:31  Void Ray  
  83  8:32  Probe  
  84  8:34  Pylon  
  84  8:36  Pylon  
  84  8:39  Pylon  
  88  8:42  Pylon  
  88  8:44  Probe  
  88  8:46  Pylon  
  88  8:48  Zealot x2  
  93  8:49  Void Ray  
  93  8:50  Immortal  
  93  8:52  Immortal  
  93  8:53  Observer  
  106  8:57  Phoenix  
Show
View Real Time Build Order
Export as new Build Order

Topaldede Protoss 

Build Orders: 1 Gate Expand, Forge Fast Expand (FFE), Colossus Rush 

Get SALT Encoding   

  12  0:12  Pylon  
  12  0:15  Probe (Chrono Boost)  
  13  0:27  Probe (Chrono Boost)  
  14  0:35  Gateway  
  14  0:53  Forge  
  14  1:27  Nexus  
  14  1:29  Pylon  
  14  1:39  Zealot  
  16  1:41  Probe (Chrono Boost)  
  17  1:48  Assimilator  
  17  2:02  Cybernetics Core  
  17  2:12  Probe  
  18  2:24  Probe  
  20  2:39  Probe (Chrono Boost)  
  20  2:43  Probe (Chrono Boost), Pylon  
  21  2:45  Pylon  
  21  2:46  Pylon  
  21  2:48  Warp Gate (Chrono Boost)  
  21  2:53  Probe (Chrono Boost)  
  21  2:58  Probe (Chrono Boost)  
  23  3:10  Probe  
  23  3:12  Assimilator  
  24  3:27  Assimilator  
  24  3:33  Assimilator  
  24  3:36  Probe, Robotics Facility  
  25  3:45  Stalker  
  28  3:49  Probe (Chrono Boost)  
  28  3:55  Probe (Chrono Boost)  
  30  4:05  Probe x2 (Chrono Boost)  
  31  4:10  Probe (Chrono Boost)  
  31  4:12  Probe  
  33  4:21  Probe  
  33  4:22  Shield Battery  
  33  4:23  Observer  
  35  4:24  Probe  
  36  4:33  Probe, Robotics Bay  
  36  4:36  Probe  
  38  4:46  Gateway  
  38  4:48  Gateway, Probe  
  38  4:50  Gateway  
  39  5:02  Immortal  
  43  5:24  Protoss Ground Weapons Level 1 (Chrono Boost), Pylon  
  41  5:57  Colossus, Sentry  
  43  6:01  Stalker x2  
  43  6:02  Stalker  
  49  6:05  Extended Thermal Lance  
  55  6:15  Probe (Chrono Boost)  
  56  6:18  Phoenix  
  56  6:25  Probe (Chrono Boost)  
  57  6:30  Probe (Chrono Boost)  
  58  6:41  Probe  
  59  6:53  Colossus, Probe  
  66  7:06  Stargate  
  66  7:07  Stargate  
  66  7:10  Stargate  
  38  8:45  Stargate  
  38  8:59  Pylon  
  16  9:19  Stalker x3  
Show
View Real Time Build Order
Export as new Build Order

Marquis Protoss 

Build Orders:  

Get SALT Encoding   

  12  0:01  Probe (Chrono Boost)  
  13  0:11  Probe (Chrono Boost)  
  14  0:22  Pylon  
  14  0:24  Probe  
  15  0:42  Gateway, Probe  
  16  0:48  Assimilator  
  16  0:54  Probe  
  17  1:02  Assimilator  
  17  1:07  Probe  
  18  1:20  Probe (Chrono Boost)  
  19  1:30  Cybernetics Core  
  19  1:34  Zealot  
  19  1:38  Pylon  
  21  1:44  Probe  
  21  1:45  Forge  
  22  1:56  Probe  
  23  2:16  Nexus  
  23  2:17  Warp Gate (Chrono Boost)  
  23  2:23  Probe  
  24  2:33  Pylon  
  24  2:35  Probe  
  25  2:50  Pylon  
  25  2:57  Robotics Facility  
  25  2:58  Zealot  
  27  3:16  Photon Cannon  
  27  3:30  Probe (Chrono Boost)  
  27  3:31  Assimilator  
  29  3:36  Assimilator, Probe (Chrono Boost)  
  30  3:42  Probe (Chrono Boost)  
  30  3:44  Observer, Probe (Chrono Boost)  
  32  3:54  Gateway  
  32  3:58  Probe  
  32  4:00  Twilight Council, Probe  
  34  4:06  Observer  
  35  4:11  Photon Cannon  
  35  4:16  Probe  
  36  4:23  Zealot  
  38  4:29  Probe (Chrono Boost)  
  38  4:31  Observer  
  40  4:32  Probe (Chrono Boost)  
  41  4:41  Probe (Chrono Boost)  
  41  4:43  Probe (Chrono Boost)  
  43  4:47  Probe (Chrono Boost)  
  44  4:53  Zealot  
  44  4:54  Zealot  
  48  5:01  Warp Prism  
  50  5:26  Gateway  
  50  5:27  Charge  
  50  5:28  Gateway  
  50  5:30  Gateway  
  50  5:33  Gateway  
  50  5:34  Probe  
  51  5:36  Probe  
  52  5:46  Probe  
  52  5:48  Probe  
  52  5:49  Pylon  
  54  5:50  Pylon  
  54  5:58  Warp Prism  
  56  6:10  Probe  
  57  6:13  Pylon  
  57  6:19  Protoss Ground Weapons Level 1, Pylon  
  57  6:22  Probe  
  58  6:34  Probe  
  59  6:43  Photon Cannon  
  59  6:49  Photon Cannon  
  59  6:52  Photon Cannon  
  59  6:54  Photon Cannon  
  59  6:56  Photon Cannon  
  59  7:09  Zealot  
  59  7:11  Zealot x5  
  71  7:33  Zealot x4  
  71  7:34  Zealot x2  
  69  7:52  Gateway  
  69  7:56  Zealot x2  
  69  7:57  Gateway  
  73  7:58  Gateway  
  73  8:00  Zealot  
  65  8:13  Zealot  
  65  8:14  Zealot x2  
  65  8:29  Zealot x3  
  71  8:44  Zealot  
  71  8:45  Zealot  
  75  8:54  Nexus  
  75  9:08  Probe, Pylon  
  76  9:10  Pylon  
  76  9:11  Pylon  
  76  9:19  Forge  
  76  9:21  Forge  
  74  9:40  Zealot x3  
  74  9:41  Zealot x4  
Tags
 
Add a new tag
Caveats
  • Supply blocks, unpowered buildings, or Contaminate may cause inaccurate times.
  • Supply counts are checked every 10 seconds.